 Dungeon Crawl Stone Soup version 0.18.1-50-g88ac8fd (webtiles) character file.

180 Firecrotchwizard the Cudgeler (level 5, -1/46 HPs)
             Began as a Minotaur Fighter on Oct 24, 2016.
             Was an Initiate of Okawaru.
             Slain by an orc
             ... wielding a +0 trident of flaming
              (3 damage)
             ... on level 3 of the Dungeon.
             The game lasted 00:07:00 (1708 turns).

Firecrotchwizard the Cudgeler (Minotaur Fighter)    Turns: 1708, Time: 00:07:01

Health: -1/46      AC:  7    Str: 22    XL:     5   Next: 33%
Magic:  4/4        EV:  7    Int:  5    God:    Okawaru [......]
Gold:   117        SH:  9    Dex:  9    Spells: 0 memorised, 4 levels left

rFire  . . .     SeeInvis .     a - +0 flail
rCold  . . .     Gourm    .     b - +0 scale mail
rNeg   . . .     Faith    .     c - +0 shield
rPois  .         Spirit   .     (helmet restricted)
rElec  .         Dismiss  .     (no cloak)
rCorr  .         Reflect  .     (no gloves)
SustAt .         Harm     .     (no boots)
MR     .....                    (no amulet)
Stlth  ..........               (no ring)
                                (no ring)

@: not resistant to hostile enchantments, extremely unstealthy
A: retaliatory headbutt, horns 2
a: Renounce Religion


You were on level 3 of the Dungeon.
You worshipped Okawaru.
Okawaru was noncommittal.
You were not hungry.

You visited 1 branch of the dungeon, and saw 3 of its levels.

You collected 117 gold pieces.

Inventory:

Hand Weapons
 a - a +0 flail (weapon)
Armour
 b - a +0 scale mail (worn)
 c - a +0 shield (worn)
Scrolls
 e - 2 scrolls of recharging
 i - a scroll of remove curse {unknown}
 j - 3 scrolls of identify
 k - a scroll of blinking {unknown}
 m - a scroll of enchant weapon {unknown}
 o - a scroll of enchant armour {unknown}
 r - a scroll of fear {unknown}
Potions
 d - 2 potions of might
 g - a potion of curing {unknown}
 h - a potion of agility {unknown}
 l - a potion of mutation {unknown}
 p - a potion of resistance {unknown}
 q - a potion of ambrosia {unknown}
Comestibles
 f - a bread ration
 n - a meat ration
 s - a beef jerky


   Skills:
 - Level 3.7 Fighting
 + Level 6.6 Maces & Flails
 - Level 3.8 Armour
 + Level 0.1 Stealth
 - Level 3.7 Shields


You had 4 spell levels left.
You didn't know any spells.

Dungeon Overview and Level Annotations

Branches:
Dungeon (3/15)

Altars:
Cheibriados
Dithmenos
Kikubaaqudgha
Okawaru
Pakellas


Innate Abilities, Weirdness & Mutations

You reflexively headbutt those who attack you in melee.
You have a pair of horns on your head.


Message History

The orc priest is lightly wounded.
The orc hits you from afar with a trident of flaming.
The orc burns you. You block the orc priest's attack.
Your shield and scale mail prevent you from hitting the orc priest.
You headbutt the orc priest, but do no damage.
The orc priest is lightly wounded.
The orc hits you from afar with a trident of flaming.
* * * LOW HITPOINT WARNING * * *
The orc burns you.
* * * LOW HITPOINT WARNING * * *
The orc priest hits you with a war axe!
* * * LOW HITPOINT WARNING * * *
You hit the orc priest.
The orc priest is moderately wounded.
The orc barely misses you.
The orc priest hits you but does no damage.
Your shield and scale mail prevent you from hitting the orc priest.
The orc priest is moderately wounded.
The orc hits you from afar with a trident of flaming.
You die...

#..........#
#...(......#
###..........#
............#
#..........#
#..........#
#!.[go.....#
#o# #@# #.#
#.# #.# #.#
#.# #.# #.#
####.#


You could see an orc priest, an orc and a goblin.

Vanquished Creatures
  An orc priest (D:3)
  Ijyb (D:3)
  3 adders
  2 oozes
  A worm (D:2)
  2 dart slugs
  A giant gecko (D:2)
  10 orcs (D:3)
  10 bats
  4 giant cockroaches
  9 hobgoblins
  3 jackals (D:2)
  A ball python (D:1)
  5 giant newts
  8 goblins
  6 kobolds
  7 rats
74 creatures vanquished.

Notes
Turn   | Place    | Note
--------------------------------------------------------------
     0 | D:1      | Firecrotchwizard the Minotaur Fighter began the quest for the Orb.
     0 | D:1      | Reached XP level 1. HP: 19/19 MP: 0/0
    86 | D:1      | Reached XP level 2. HP: 27/27 MP: 1/1
   104 | D:1      | Reached skill level 3 in Maces & Flails
   475 | D:2      | Found a shadowy altar of Dithmenos.
   513 | D:2      | Found an oddly glowing altar of Pakellas.
   528 | D:2      | Found a shadowy altar of Dithmenos.
   532 | D:2      | Reached XP level 3. HP: 28/33 MP: 2/2
   535 | D:2      | Found a snail-covered altar of Cheibriados.
   538 | D:2      | Found an ancient bone altar of Kikubaaqudgha.
   563 | D:2      | Reached skill level 4 in Maces & Flails
   853 | D:2      | Found an iron altar of Okawaru.
   874 | D:2      | Became a worshipper of Warmaster Okawaru
   922 | D:2      | Reached skill level 5 in Maces & Flails
   925 | D:2      | Reached XP level 4. HP: 40/40 MP: 3/3
  1267 | D:3      | Noticed Ijyb
  1276 | D:3      | Killed Ijyb
  1276 | D:3      | Reached skill level 6 in Maces & Flails
  1276 | D:3      | Reached XP level 5. HP: 26/46 MP: 4/4
  1706 | D:3      | HP: 2/46 [orc priest/war axe (7)]
  1708 | D:3      | Slain by an orc

Skill      XL: |  1  2  3  4 |
---------------+-------------+-----
Maces & Flails | 3 5 6 |  6.6
Fighting       | |  3.7
Armour         | |  3.8
Stealth        | |  0.1
Shields        | |  3.7

Action                   |  1- 3 |  4- 6 || total
-------------------------+-------+-------++-------
Melee: Flail             |   111 |    88 ||   199
       Headbutt          |     5 |    11 ||    16
  Use: Scroll            |       |     1 ||     1
  Eat: Royal jelly       |       |     1 ||     1
       Chunk             |       |     1 ||     1
Armor: Scale mail        |    76 |    45 ||   121
Dodge: Dodged            |    41 |    33 ||    74
Block: Shield            |    73 |    65 ||   138
